[Event "ICC Open 2015"]
[Site "Internet Chess Club"]
[Date "2015.05.30"]
[Round "9"]
[White "Dictator"]
[Black "ShadowLike"]
[Result "1-0"]
[ICCResult "Black forfeits on time"]
[WhiteElo "2584"]
[BlackElo "2212"]
[Opening "Budapest defense declined"]
[ECO "A51"]
[NIC "QG.01"]
[Time "20:26:27"]
[TimeControl "180+0"]

1. d4 Nf6 2. c4 e5 3. Nc3 exd4 4. Qxd4 Nc6 5. Qd2 Bb4 6. Qc2 d5 7. cxd5 Nxd5
8. Bd2 O-O 9. Nf3 Bg4 10. e3 Re8 11. Be2 Bxf3 12. gxf3 Nf4 13. O-O-O Nxe2+
14. Nxe2 Bxd2+ 15. Rxd2 Qf6 16. f4 a5 17. Rhd1 Nb4 18. Qc4 b5 19. Qb3 c5 20.
Kb1 c4 21. Qc3 Nd3 22. Qxf6 gxf6 23. Nc1 Nc5 24. Rd6 Re6 25. R6d5 Rc8 26.
Ne2 b4 27. Nd4 Rb6 28. Nf5 h5 29. Ne7+ Kh7 30. Nxc8 c3 31. Nxb6 a4 32. Rxc5
b3 33. axb3 c2+ 34. Kxc2 axb3+ 35. Kxb3 f5 36. Nc8 h4 37. Ne7 Kh6 38. Rxf5
h3 39. Rg1 {Black forfeits on time} 1-0

[Event "ICC Open 2015"]
[Site "Internet Chess Club"]
[Date "2015.05.30"]
[Round "9"]
[White "Ramanip15"]
[Black "FytinFrank"]
[Result "0-1"]
[ICCResult "White forfeits on time"]
[WhiteElo "1915"]
[BlackElo "2062"]
[Opening "Caro-Kann defense"]
[ECO "B11"]
[NIC "CK.01"]
[Time "20:26:23"]
[TimeControl "180+0"]

1. e4 c6 2. Nc3 g6 3. Nf3 d5 4. d4 Bg4 5. Be2 e6 6. h3 Bxf3 7. Bxf3 Bg7 8.
Bf4 Ne7 9. O-O O-O 10. Re1 Nd7 11. exd5 cxd5 12. Nb5 Nc6 13. Bd6 Re8 14. Nc7
Rc8 15. Nxe8 Qxe8 16. c3 Nb6 17. Be2 Na5 18. Bd3 Nac4 19. Bxc4 Nxc4 20. Ba3
Nxa3 21. bxa3 Rxc3 22. Rb1 b6 23. Rb3 Rc4 24. Rd3 Qb5 25. Qb3 Qxb3 26. axb3
Rxd4 27. Rc3 Bf6 28. Rc7 a5 29. Rb7 Rd2 30. Rxb6 Bd4 31. Rb8+ Kg7 32. Rf1
Bc5 33. b4 axb4 34. axb4 Rb2 35. b5 d4 36. Rc1 d3 37. Rxc5 d2 38. Rd8 Rb1+
39. Kh2 d1=Q 40. Rxd1 Rxd1 41. Rc8 Rb1 42. Rb8 Kf6 43. b6 Ke7 44. Kg3 Kd6
45. Kf4 f6 46. g4 Kc6 47. Re8 Kd7 48. Rh8 Rxb6 49. Rxh7+ Kd6 50. h4 Rb4+ 51.
Kg3 Ke5 52. f3 f5 53. g5 Rb1 54. Rg7 f4+ 55. Kh3 Kf5 56. Rf7+ Ke5 57. Rf6
Rb3 58. Kg4 Rb1 59. Rxg6 Rg1+ 60. Kh3 Rg3+ 61. Kh2 Rxf3 62. h5 Kf5 63. h6
Kxg6 64. h7 Kxh7 65. Kg2 Rg3+ 66. Kf2 Rxg5 {White forfeits on time} 0-1

[Event "ICC Open 2015"]
[Site "Internet Chess Club"]
[Date "2015.05.30"]
[Round "9"]
[White "hejajw"]
[Black "chessdjw"]
[Result "1-0"]
[ICCResult "Black checkmated"]
[WhiteElo "2560"]
[BlackElo "2331"]
[Opening "Catalan opening"]
[ECO "E00"]
[NIC "EO.45"]
[Time "20:25:50"]
[TimeControl "180+0"]

1. d4 Nf6 2. c4 e6 3. g3 c5 4. Nf3 cxd4 5. Nxd4 d5 6. Bg2 e5 7. Nf3 d4 8.
O-O Nc6 9. e3 Be7 10. exd4 exd4 11. a3 a5 12. b3 O-O 13. Ra2 Bf5 14. Nbd2 d3
15. Bb2 Qd7 16. Re1 Rfe8 17. Bc3 Rab8 18. Qa1 h6 19. Ne5 Nxe5 20. Bxe5 Rbd8
21. Qc3 b6 22. b4 axb4 23. axb4 Ng4 24. f4 f6 25. Bd5+ Kh8 26. Bd4 Bxb4 27.
Rxe8+ Qxe8 28. Qxb4 Qe2 29. Nf1 Qxa2 30. Bxb6 Rxd5 31. cxd5 Qxd5 32. h3 Qf3
33. hxg4 Be4 34. Qd2 Qxg4 35. Kf2 Qf3+ 36. Ke1 Kh7 37. Bf2 Qh1 38. Qe3 h5
39. Kd2 Kg6 40. g4 h4 41. f5+ Kh7 42. Bxh4 Qxh4 43. Qxe4 Qf2+ 44. Kxd3 Qxf1+
45. Kd4 Qg1+ 46. Kd5 Qg3 47. Ke6 Kh6 48. Kf7 Qc7+ 49. Kf8 Qd8+ 50. Qe8 Qd6+
51. Kg8 Qc7 52. Qg6# {Black checkmated} 1-0

[Event "ICC Open 2015"]
[Site "Internet Chess Club"]
[Date "2015.05.30"]
[Round "9"]
[White "Asmodeus"]
[Black "Ohanessian"]
[Result "0-1"]
[ICCResult "White checkmated"]
[WhiteElo "1901"]
[BlackElo "2046"]
[Opening "Alekhine's defense: Scandinavian variation"]
[ECO "B02"]
[NIC "AL.10"]
[Time "20:26:31"]
[TimeControl "180+0"]

1. e4 Nf6 2. Nc3 d5 3. d3 dxe4 4. dxe4 Qxd1+ 5. Kxd1 Nc6 6. f3 e5 7. Be3 Be6
8. Kc1 O-O-O 9. Bb5 Nd4 10. Bxd4 exd4 11. Nce2 a6 12. Bd3 c5 13. Nf4 Bd7 14.
b3 g6 15. Kb2 Bh6 16. Ngh3 Nh5 17. Nxh5 Bxh3 18. gxh3 gxh5 19. Rhg1 Rhg8 20.
Rae1 Be3 21. Rxg8 Rxg8 22. Re2 Rg1 23. b4 cxb4 24. Kb3 Rb1+ 25. Kc4 b5+ 26.
Kc5 Rb2 27. Kc6 Kd8 28. Rg2 Ke7 29. e5 Rxa2 30. Bxh7 b3 31. Be4 b2 32. c4
b1=Q 33. Bxb1 Rxg2 34. cxb5 axb5 35. Kxb5 Rb2+ 36. Kc4 Rxb1 37. Kd5 Rh1 38.
f4 Rxh2 39. f5 Rxh3 40. f6+ Ke8 41. e6 fxe6+ 42. Kxe6 d3 43. f7+ Kf8 44. Kf6
Rf3+ 45. Ke5 Rxf7 46. Ke4 d2 47. Kxe3 d1=Q 48. Ke4 Re7+ 49. Kf5 Qf1+ 50. Kg6
Rg7+ 51. Kh6 Qf6+ 52. Kxh5 Qg5# {White checkmated} 0-1

[Event "ICC Open 2015"]
[Site "Internet Chess Club"]
[Date "2015.05.30"]
[Round "9"]
[White "JRussell2"]
[Black "truufseir"]
[Result "0-1"]
[ICCResult "White forfeits on time"]
[WhiteElo "1221"]
[BlackElo "1646"]
[Opening "Ruy Lopez: Schliemann defense"]
[ECO "C63"]
[NIC "RL.06"]
[Time "20:26:48"]
[TimeControl "180+0"]

1. e4 e5 2. Nf3 Nc6 3. Bb5 f5 4. d3 fxe4 5. dxe4 Nf6 6. Nc3 Bc5 7. O-O d6 8.
Bg5 O-O 9. Nd5 Bg4 10. Nxf6+ gxf6 11. Bh6 Re8 12. Qd5+ Be6 13. Qd1 Qe7 14.
Nxe5 dxe5 15. Qf3 Kh8 16. Bd3 Rg8 17. Be3 Bg4 18. Qg3 Be2 19. Qh4 Bxf1 20.
Rxf1 Nd4 21. f4 exf4 22. Bxd4 Bxd4+ 23. Kh1 Be3 24. g3 fxg3 25. hxg3 Bg5 26.
Qh3 Rg6 27. Qg2 Be3 28. e5 Rh6+ {White forfeits on time} 0-1

[Event "ICC Open 2015"]
[Site "Internet Chess Club"]
[Date "2015.05.30"]
[Round "9"]
[White "NAS"]
[Black "boobytrap"]
[Result "1/2-1/2"]
[ICCResult "Game drawn by repetition"]
[WhiteElo "1751"]
[BlackElo "1943"]
[Opening "Sicilian"]
[ECO "B56"]
[NIC "SI.25"]
[Time "20:26:16"]
[TimeControl "180+0"]

1. e4 c5 2. Nf3 d6 3. d4 cxd4 4. Nxd4 Nf6 5. Nc3 Nc6 6. Be3 Ng4 7. Qd2 Nxe3
8. fxe3 g6 9. O-O-O Bg7 10. h3 O-O 11. Bc4 Ne5 12. Bb3 a5 13. a4 Bd7 14. g4
Rc8 15. Rdf1 Nc4 16. Qd3 Ne5 17. Qe2 e6 18. h4 Qb6 19. g5 Rc5 20. h5 Rfc8
21. hxg6 hxg6 22. Qh2 Kf8 23. Nxe6+ Bxe6 24. Bxe6 Rxc3 25. bxc3 Qxe3+ 26.
Qd2 Qc5 27. Qh2 Qa3+ 28. Kd1 Qxc3 29. Qf2 Rc7 30. Rh7 Qa1+ 31. Ke2 Rxc2+ 32.
Ke3 Rxf2 33. Rxf2 Qc3+ 34. Kf4 Qc1+ 35. Kg3 Qxg5+ 36. Kh2 Ng4+ 37. Bxg4 Qxg4
38. Rg2 Qf4+ 39. Kh1 Be5 40. Rh3 Qxe4 41. Rh7 Qe1+ 42. Rg1 Qe4+ 43. Rg2 Qe1+
44. Rg1 Qe4+ 45. Rg2 Qe1+ 46. Rg1 Qe4+ 47. Rg2 {Game drawn by repetition}
1/2-1/2

[Event "ICC Open 2015"]
[Site "Internet Chess Club"]
[Date "2015.05.30"]
[Round "9"]
[White "aplusk"]
[Black "EREBUNI"]
[Result "1/2-1/2"]
[ICCResult "Game drawn by mutual agreement"]
[WhiteElo "3025"]
[BlackElo "3075"]
[Opening "Réti opening"]
[ECO "A05"]
[NIC "RE.08"]
[Time "20:26:06"]
[TimeControl "180+0"]

1. Nf3 Nf6 2. g3 b6 3. b3 Bb7 4. Bg2 e6 5. Bb2 Be7 6. c4 O-O 7. O-O d5 8. e3
Nbd7 9. Nc3 c5 10. Qe2 dxc4 11. bxc4 a6 12. d4 Qc7 13. Rfd1 cxd4 14. exd4
Rac8 15. Rac1 Qxc4 16. Qxc4 Rxc4 17. Ne5 Rc7 18. Nd5 Nxd5 19. Rxc7 Nxc7 20.
Nxd7 Rd8 21. Bxb7 Rxd7 22. Rc1 Bd8 23. Kg2 Nb5 24. Bxa6 Nxd4 25. Rc8 h6 26.
Rb8 Kh7 27. Bc8 Rd5 28. Bb7 Rd7 29. Bc8 Rd5 30. Bb7 Rd7 31. a4 e5 32. Bc8
Rd6 33. Rb7 f6 34. Bd7 Rd5 35. g4 Ne2 36. Bf5+ Kh8 37. Kf3 Nd4+ 38. Bxd4
Rxd4 39. Rd7 Rxd7 40. Bxd7 Kg8 41. Ke4 Kf7 42. Kd5 Be7 43. Be6+ Ke8 44. h4
Bc5 45. f3 Bf2 46. h5 Ke7 47. Bf5 Be1 48. Bd3 Ba5 49. Be4 Bb4 50. Bf5 Ba5
51. Be4 {Game drawn by mutual agreement} 1/2-1/2

[Event "ICC Open 2015"]
[Site "Internet Chess Club"]
[Date "2015.05.30"]
[Round "9"]
[White "ElMarginal"]
[Black "bythebook"]
[Result "0-1"]
[ICCResult "White resigns"]
[WhiteElo "1455"]
[BlackElo "1619"]
[Opening "Dunst (Sleipner, Heinrichsen) opening"]
[ECO "D00"]
[NIC "VO.15"]
[Time "20:27:44"]
[TimeControl "180+0"]

1. Nc3 Nf6 2. d4 d5 3. Nf3 Bf5 4. Bf4 e6 5. e3 Be7 6. Bd3 O-O 7. Bxf5 exf5
8. O-O c6 9. Ne5 Nbd7 10. h3 Ne4 11. Qh5 g6 12. Qf3 Nd2 13. Qe2 Nxf1 14.
Rxf1 Nxe5 15. Bxe5 Bd6 16. f4 f6 17. Bxd6 Qxd6 18. a3 Rfe8 19. Na4 Re7 20.
Nc5 Rae8 21. Rf3 b6 22. Nd3 Re6 23. Kf2 R8e7 24. c3 Qd7 25. g3 Qe8 26. Qf1
Rxe3 27. Rxe3 Rxe3 28. Nc1 Qe4 29. h4 Rf3+ {White resigns} 0-1

[Event "ICC Open 2015"]
[Site "Internet Chess Club"]
[Date "2015.05.30"]
[Round "9"]
[White "Cinzento"]
[Black "alric"]
[Result "0-1"]
[ICCResult "White forfeits on time"]
[WhiteElo "1797"]
[BlackElo "1967"]
[Opening "KP: Nimzovich defense"]
[ECO "B00"]
[NIC "VO.04"]
[Time "20:26:30"]
[TimeControl "180+0"]

1. e4 Nc6 2. d4 e6 3. d5 Nb8 4. c4 e5 5. f4 exf4 6. Bxf4 Bb4+ 7. Nc3 Qe7 8.
Bd3 d6 9. Nf3 Bg4 10. O-O Nd7 11. Be2 Bxc3 12. bxc3 Qxe4 13. Bg5 Ngf6 14.
Bd3 Qe7 15. Re1 Ne5 16. h3 Bxf3 17. gxf3 h6 18. Bh4 g5 19. Bg3 Nfd7 20. Bf5
O-O-O 21. Bxd7+ Rxd7 22. Bxe5 dxe5 23. Qd3 Qf6 24. Re2 c5 25. Rae1 Re8 26.
Qb1 Qxf3 27. Rf2 Qg3+ 28. Rg2 Qxc3 29. Rf1 Qxc4 30. Qf5 Qxd5 31. Qg4 Qd4+
{White forfeits on time}
0-1

[Event "ICC Open 2015"]
[Site "Internet Chess Club"]
[Date "2015.05.30"]
[Round "9"]
[White "paulmagriel"]
[Black "smoothg"]
[Result "0-1"]
[ICCResult "White forfeits on time"]
[WhiteElo "2037"]
[BlackElo "1908"]
[Opening "Modern defense"]
[ECO "A40"]
[NIC "QO.17"]
[Time "20:25:54"]
[TimeControl "180+0"]

1. d4 g6 2. c4 Bg7 3. Nc3 c5 4. d5 d6 5. Bd2 Na6 6. e4 Nc7 7. Bd3 Nf6 8. f4
O-O 9. Nf3 a6 10. O-O Bd7 11. e5 Nfe8 12. h3 b5 13. b3 Qc8 14. Kh2 Rb8 15.
Ne4 Bf5 16. g4 Bxe4 17. Bxe4 e6 18. Bc3 exd5 19. cxd5 Qd8 20. Rc1 b4 21. Ba1
Nb5 22. Qd3 a5 23. f5 dxe5 24. Nxe5 Qd6 25. Qg3 Nd4 26. Bxd4 cxd4 27. Nc6
Qxg3+ 28. Kxg3 Rb7 29. Nxa5 Ra7 30. Nc6 Rxa2 31. Bd3 Nd6 32. Bc4 Bh6 33.
fxg6 hxg6 34. Rcd1 Be3 35. Nxd4 Bg5 36. h4 Bd8 37. g5 Ne4+ 38. Kg4 Nc3 39.
Rc1 Rg2+ 40. Kh3 Rd2 41. d6 Rxd4 42. Rc2 Rxd6 43. Rcf2 Rd7 44. Rf3 Kg7 45.
Kg4 Ne4 46. h5 Nd6 {White forfeits on time} 0-1

[Event "ICC Open 2015"]
[Site "Internet Chess Club"]
[Date "2015.05.30"]
[Round "9"]
[White "xyro"]
[Black "TravisMcGee"]
[Result "0-1"]
[ICCResult "White forfeits on time"]
[WhiteElo "1794"]
[BlackElo "1605"]
[Opening "Dutch: stonewall with Nc3"]
[ECO "A92"]
[NIC "HD.03"]
[Time "20:25:58"]
[TimeControl "180+0"]

1. d4 e6 2. c4 f5 3. g3 Nf6 4. Bg2 Be7 5. Nf3 c6 6. O-O O-O 7. Nc3 d5 8. Bf4
Ne4 9. Bxb8 Rxb8 10. Ne5 Bd6 11. f3 Nf6 12. Nd3 dxc4 13. Ne5 Bxe5 14. dxe5
Nd5 15. e4 fxe4 16. fxe4 Rxf1+ 17. Qxf1 Nxc3 18. bxc3 Bd7 19. Qxc4 Qc7 20.
Qd4 Rd8 21. Rd1 Kf7 22. Bh3 Ke7 23. Qd6+ Qxd6 24. exd6+ Kf6 25. c4 Ke5 26.
Bg2 Be8 27. c5 Bg6 28. a4 b5 29. axb5 cxb5 30. Kf1 Be8 31. Ke2 Bc6 32. Ke3
a5 33. Rf1 a4 34. Rf7 a3 35. Rc7 a2 36. Ra7 Ra8 37. Rxa8 Bxa8 38. d7 a1=Q
39. d8=Q Qe1+ 40. Kf3 Qxe4+ 41. Kf2 Qxg2+ 42. Ke1 Qg1+ 43. Kd2 Qxh2+ 44. Kc3
Qxg3+ 45. Kb4 Qe1+ 46. Kxb5 Qb1+ 47. Ka6 Qa2+ 48. Kb6 Qb3+ 49. Ka7 Qa4+ 50.
Kb8 Qa6 51. Qg5+ Kd4 52. Qf4+ Kxc5 53. Qe3+ Kd6 54. Qd4+ Ke7 55. Qxg7+ Kd6
56. Qd4+ Ke7 57. Qg7+ Kd6 58. Qg3+ Ke7 59. Qh4+ Kd6 60. Qh2+ Ke7 61. Qxh7+
Kd6 62. Qh2+ Ke7 63. Qh7+ Kd6 64. Qd3+ Ke7 {White forfeits on time} 0-1

[Event "ICC Open 2015"]
[Site "Internet Chess Club"]
[Date "2015.05.30"]
[Round "9"]
[White "harolika"]
[Black "RaiseTheCurve"]
[Result "1-0"]
[ICCResult "Black checkmated"]
[WhiteElo "1935"]
[BlackElo "1903"]
[Opening "Queen's pawn game"]
[ECO "A46"]
[NIC "QP.06"]
[Time "20:26:55"]
[TimeControl "180+0"]

1. d4 Nf6 2. Nf3 b5 3. e3 a6 4. Bd3 Bb7 5. O-O e6 6. Nbd2 c5 7. c3 Be7 8. e4
d5 9. e5 Nfd7 10. Re1 Nc6 11. Nf1 Qb6 12. Ng3 h6 13. Nh5 Bf8 14. Be3 c4 15.
Bc2 a5 16. a3 b4 17. axb4 axb4 18. Rxa8+ Bxa8 19. Qd2 b3 20. Bb1 Ne7 21. g4
g6 22. Nf4 h5 23. h3 hxg4 24. hxg4 Kd8 25. Ng5 Ke8 26. Qe2 Bg7 27. Qf3 Nf8
28. Nxg6 Nexg6 29. Qxf7+ Kd8 30. Qxg7 Qc7 31. Qf6+ Qe7 32. Nf7+ Ke8 33. Bxg6
Qxf6 34. exf6 Nxg6 35. Nxh8 Nxh8 36. Bf4 Kf7 37. Ra1 Bc6 38. Ra7+ Kxf6 39.
Be5+ Kg5 40. Bxh8 Be8 41. Re7 Bg6 42. Rxe6 Be4 43. Rxe4 dxe4 44. d5 e3 45.
fxe3 Kg6 46. d6 Kf7 47. Be5 Ke6 48. Bf4 Kd7 49. g5 Kc6 50. g6 Kd7 51. g7 Kc6
52. g8=Q Kd7 53. Qf7+ Kc6 54. Qe6 Kb5 55. Qd5+ Ka6 56. Qxc4+ Kb6 57. d7 Ka5
58. Qb4+ Ka6 59. Bc7 Ka7 60. Qb6+ Ka8 61. d8=Q# {Black checkmated} 1-0

[Event "ICC Open 2015"]
[Site "Internet Chess Club"]
[Date "2015.05.30"]
[Round "9"]
[White "capperuccio"]
[Black "SirHarmony"]
[Result "1-0"]
[ICCResult "Black forfeits on time"]
[WhiteElo "1789"]
[BlackElo "1533"]
[Opening "Queen's pawn: Charlick (Englund) gambit"]
[ECO "A40"]
[NIC "QO.17"]
[Time "20:26:45"]
[TimeControl "180+0"]

1. d4 e5 2. dxe5 d6 3. Nf3 Nc6 4. b3 Bg4 5. e3 Nxe5 6. Be2 Nc6 7. Bb2 Nf6 8.
O-O Be7 9. h3 Be6 10. Nc3 h6 11. Nd4 Nxd4 12. Qxd4 Qd7 13. Bf3 g5 14. Ne2
Rg8 15. Ng3 g4 16. hxg4 Bxg4 17. Bxb7 Rb8 18. Ba6 h5 19. Qxa7 Rd8 20. Qb7
Kf8 21. Bb5 Qe6 22. Qxc7 h4 23. Qc4 hxg3 24. Qf4 Bh3 25. f3 Bxg2 26. Kxg2
Rh8 27. Rh1 Rg8 28. Bc4 {Black forfeits on time} 1-0

[Event "ICC Open 2015"]
[Site "Internet Chess Club"]
[Date "2015.05.30"]
[Round "9"]
[White "MARXVONAZULAY"]
[Black "cristoforo"]
[Result "0-1"]
[ICCResult "White forfeits on time"]
[WhiteElo "1469"]
[BlackElo "1457"]
[Opening "Sicilian: dragon, Yugoslav attack, Rauser variation"]
[ECO "B76"]
[NIC "SI.17"]
[Time "20:25:48"]
[TimeControl "180+0"]

1. e4 c5 2. Nf3 d6 3. d4 cxd4 4. Nxd4 Nf6 5. Nc3 g6 6. Be3 Bg7 7. f3 O-O 8.
Qd2 Nc6 9. O-O-O d5 10. Nxc6 bxc6 11. exd5 Nxd5 12. Nxd5 cxd5 13. Qxd5 Qc7
14. Qc5 Qb7 15. Qa3 Bf5 16. Bd3 Be6 17. h4 Rab8 18. b3 Rfc8 19. Kb1 a5 20.
h5 a4 21. hxg6 axb3 22. gxf7+ Bxf7 23. cxb3 Qc7 24. Bxh7+ Kf8 25. Bh6 Qe5
26. Bxg7+ Qxg7 27. Be4 Ra8 28. Qb2 e5 29. Rh3 Ra5 30. Rdh1 Rac5 31. Rh8+ Ke7
32. Qa3 Ke6 33. R1h6+ Kd7 34. Rxc8 Rxc8 35. Qa7+ Ke8 36. Qa4+ Kf8 37. Rh1
Qg3 38. Qb4+ Kg7 39. Qe7 Qf2 40. Qxe5+ Kf8 41. Rh8+ Bg8 42. Qf6+ Ke8 43.
Rxg8+ Kd7 44. Qf5+ Kd6 45. Rxc8 Qe1+ 46. Kb2 Qe2+ 47. Ka3 Qa6+ 48. Kb4 Qb6+
49. Qb5 Qd4+ 50. Ka5 Qd2+ 51. Ka6 Qxa2+ 52. Qa5 Qxb3 {White forfeits on
time} 0-1

[Event "ICC Open 2015"]
[Site "Internet Chess Club"]
[Date "2015.05.30"]
[Round "9"]
[White "nadalthegreat"]
[Black "anan"]
[Result "1-0"]
[ICCResult "Black forfeits on time"]
[WhiteElo "1849"]
[BlackElo "1576"]
[Opening "Sicilian: Najdorf, 7...Be7"]
[ECO "B98"]
[NIC "SI.09"]
[Time "20:26:34"]
[TimeControl "180+0"]

1. e4 c5 2. Nf3 d6 3. d4 cxd4 4. Nxd4 Nf6 5. Nc3 a6 6. Bg5 e6 7. f4 Be7 8.
Bd3 Qc7 9. O-O Nbd7 10. Kh1 O-O 11. f5 e5 12. Nf3 b5 13. Ne2 Bb7 14. Ng3 h6
15. Bh4 Rac8 16. Qd2 Rfe8 17. Rad1 Qb6 18. c3 Qa5 19. a3 Qd8 20. Rfe1 Qc7
21. Qf2 Ng4 22. Qe2 Bxh4 23. Nxh4 Ngf6 24. Nh5 Nxh5 25. Qxh5 Nf6 26. Qf3 d5
27. exd5 Bxd5 28. Qg3 e4 29. Be2 Qxg3 30. hxg3 Re5 31. Rf1 Rce8 32. g4 Nh7
33. g3 Ng5 34. Kg2 e3+ 35. Rxd5 Rxd5 36. Rd1 Rxd1 37. Bxd1 Rd8 38. Nf3
{Black forfeits on time}
1-0

[Event "ICC Open 2015"]
[Site "Internet Chess Club"]
[Date "2015.05.30"]
[Round "9"]
[White "fredx"]
[Black "yellow"]
[Result "1-0"]
[ICCResult "Black forfeits on time"]
[WhiteElo "1178"]
[BlackElo "1496"]
[Opening "Neo-Indian (Seirawan) attack"]
[ECO "E00"]
[NIC "EO.64"]
[Time "20:26:42"]
[TimeControl "180+0"]

1. c4 e6 2. d4 Nf6 3. Bg5 Be7 4. Nc3 h6 5. Bh4 b6 6. Nf3 Bb7 7. e3 O-O 8.
Be2 d6 9. O-O Nbd7 10. d5 exd5 11. cxd5 Rc8 12. Bc4 c6 13. dxc6 Bxc6 14. Bb5
Bxb5 15. Nxb5 Nc5 16. Nxa7 Qd7 17. Nxc8 Rxc8 18. a4 Nce4 19. Nd4 Nh7 20.
Bxe7 Qxe7 21. Nf5 Qf6 22. Nd4 Nc5 23. b4 Ne4 24. a5 bxa5 25. bxa5 Qg6 26.
Qf3 Nd2 27. Qb7 Rf8 28. Rfd1 Qd3 29. a6 Nf6 30. a7 Kh7 31. a8=Q Rxa8 32.
Qxa8 Qe2 33. Qa5 {Black forfeits on time} 1-0

[Event "ICC Open 2015"]
[Site "Internet Chess Club"]
[Date "2015.05.30"]
[Round "9"]
[White "Borknagar"]
[Black "shredded"]
[Result "0-1"]
[ICCResult "White resigns"]
[WhiteElo "1937"]
[BlackElo "2701"]
[Opening "Queen's Indian defense"]
[ECO "A47"]
[NIC "QP.06"]
[Time "20:26:07"]
[TimeControl "180+0"]

1. d4 Nf6 2. Nf3 b6 3. e3 Bb7 4. g3 c5 5. c3 e6 6. Bg2 Be7 7. O-O O-O 8.
Nbd2 d5 9. b3 Nc6 10. Bb2 Rc8 11. Rc1 Re8 12. Ne5 Nd7 13. Ndf3 Ndxe5 14.
Nxe5 Nxe5 15. dxe5 Qc7 16. c4 Red8 17. Qg4 dxc4 18. Rxc4 Ba6 19. Rf4 Bxf1
20. Bxf1 Rd2 21. Bc3 Rc2 22. Bd3 Rc1+ 23. Kg2 g6 24. Bb2 Re1 25. Bc3 Rc1 26.
Bb2 Re1 27. Bc3 Qd7 28. Be4 Rc1 29. Bb2 Rd1 30. Bf3 Rd2 31. Bc3 Rc2 32. Ba1
Rxa2 33. Bc3 Rc2 34. Ba1 Qd2 35. Be4 Rc1 36. h4 Rxa1 37. h5 Qd1 38. Qh3 Qxh5
39. Qxh5 gxh5 40. g4 Bg5 41. Rf3 hxg4 42. Rg3 h5 43. Rxg4 hxg4 44. Bh7+ Kxh7
45. Kg3 Kg6 46. Kxg4 Rg1+ 47. Kf3 Rd8 48. Ke2 Rgd1 49. Kf3 Kf5 50. e4+ Kxe5
51. Kg3 Bf4+ 52. Kg4 Rg8+ 53. Kf3 Rd2 {White resigns} 0-1

[Event "ICC Open 2015"]
[Site "Internet Chess Club"]
[Date "2015.05.30"]
[Round "9"]
[White "catman"]
[Black "nihil95"]
[Result "1-0"]
[ICCResult "Black resigns"]
[WhiteElo "1800"]
[BlackElo "1800"]
[Opening "Queen's pawn"]
[ECO "A40"]
[NIC "QO.17"]
[Time "20:26:35"]
[TimeControl "180+0"]

1. d4 c6 2. Nf3 d6 3. e4 g6 4. c4 Bg7 5. Nc3 Nf6 6. Be2 O-O 7. O-O Qc7 8. b3
Bg4 9. Bb2 e5 10. dxe5 dxe5 11. Nd2 Bxe2 12. Qxe2 Nbd7 13. b4 Rad8 14. c5
Nh5 15. g3 a6 16. Nc4 Rfe8 17. Nd6 Re7 18. Nd1 Nf8 19. Ne3 Ne6 20. Nec4 Nd4
21. Bxd4 exd4 22. Qd3 Qd7 23. f4 Qg4 24. e5 f6 25. exf6 Bxf6 26. Rae1 Rdd7
27. Rxe7 Rxe7 28. Qf3 Qe6 29. Qd3 Qg4 30. Qf3 Qe6 31. f5 Qe2 32. fxg6 hxg6
33. Qxe2 Rxe2 34. Rf2 Re1+ 35. Kg2 d3 36. Ne4 Bd4 37. Rd2 Re2+ 38. Kf3 Rxh2
39. Rxh2 Kg7 40. Rd2 Bc3 41. Rxd3 Bxb4 42. Rd7+ Kh6 43. Rxb7 a5 44. Rb6 Kg7
45. Rxc6 Be1 46. Rb6 Bb4 47. c6 a4 {Black resigns} 1-0

[Event "ICC Open 2015"]
[Site "Internet Chess Club"]
[Date "2015.05.30"]
[Round "9"]
[White "eltigrecu"]
[Black "blackending"]
[Result "1/2-1/2"]
[ICCResult "Black ran out of time and White has no material to mate"]
[WhiteElo "2004"]
[BlackElo "1755"]
[Opening "Trompowsky attack (Ruth, Opocenský opening)"]
[ECO "A45"]
[NIC "QP.07"]
[Time "20:25:48"]
[TimeControl "180+0"]

1. d4 Nf6 2. Bg5 e6 3. e4 Be7 4. Bxf6 Bxf6 5. Nc3 O-O 6. Nf3 d6 7. Bd3 Nd7
8. h4 e5 9. dxe5 Nxe5 10. Nxe5 dxe5 11. Qe2 c6 12. O-O-O Qa5 13. g4 Be6 14.
g5 Be7 15. Bc4 Bxc4 16. Qxc4 Bb4 17. Ne2 b5 18. Qb3 Bc5 19. Rhf1 Qb6 20. f3
a5 21. Ng3 a4 22. Qd3 Rad8 23. Qe2 Rxd1+ 24. Rxd1 Rd8 25. Nf5 Rxd1+ 26. Qxd1
Be3+ 27. Kb1 g6 28. Nh6+ Kg7 29. Ng4 Qd4 30. Qe2 Bf4 31. a3 b4 32. axb4 Qxb4
33. Qd3 Qe1+ 34. Ka2 Qxh4 35. Qd6 Qxg5 36. Qxc6 h5 37. Nf2 Qg2 38. Nd3 Qxf3
39. Qxa4 Qe2 40. Qc4 h4 41. Kb3 h3 42. Qc8 h2 43. Qh3 Qxe4 44. Nf2 Qe3+ 45.
Qxe3 Bxe3 46. Nh1 Bg1 47. Kc3 e4 48. Kd2 f5 49. Ke2 Kf6 50. c4 Ke5 51. b4
Kd4 52. c5 Kd5 53. Ng3 Bxc5 54. b5 Bb6 55. Nh1 Kc5 56. Ke3 Kxb5+ 57. Kf4 Kc5
58. Ke3 Kd5+ 59. Ke2 Ke5 60. Kf1 f4 61. Kg2 f3+ 62. Kxh2 Kf4 63. Nf2 e3 64.
Nd3+ {Black ran out of time and White has no material to mate} 1/2-1/2

[Event "ICC Open 2015"]
[Site "Internet Chess Club"]
[Date "2015.05.30"]
[Round "9"]
[White "ROWLAND"]
[Black "pierredams"]
[Result "0-1"]
[ICCResult "White checkmated"]
[WhiteElo "1666"]
[BlackElo "1932"]
[Opening "Caro-Kann: Panov-Botvinnik attack, 5...e6"]
[ECO "B14"]
[NIC "CK.03"]
[Time "20:26:56"]
[TimeControl "180+0"]

1. e4 c6 2. d4 d5 3. exd5 cxd5 4. c4 Nf6 5. Nc3 e6 6. a3 Be7 7. Nf3 Nc6 8.
Bd3 dxc4 9. Bxc4 a6 10. O-O b5 11. Ba2 Bb7 12. d5 exd5 13. Nxd5 Nxd5 14.
Qxd5 Qxd5 15. Bxd5 O-O 16. Bg5 Bxg5 17. Nxg5 Na5 18. Bxb7 Nxb7 19. Rac1 Rac8
20. Rfd1 h6 21. Ne4 Rfd8 22. Kf1 Rxd1+ 23. Rxd1 Rc2 24. Rd7 Nc5 25. Nxc5
Rxc5 26. Ke2 Rc2+ 27. Rd2 Rc6 28. Rd7 g5 29. g4 Rc2+ 30. Rd2 Rc4 31. f3 Rc6
32. Rd7 Kg7 33. Rd2 Kf6 34. Rd5 Ke6 35. Rd2 Ke5 36. Ke3 Rc1 37. b4 Rc3+ 38.
Rd3 Rc1 39. Rd2 Rc3+ 40. Rd3 Rc2 41. Rd2 Rxd2 42. Kxd2 Kd4 43. Ke2 Kc4 44.
Kd2 Kb3 45. Kd3 Kxa3 46. Kc3 Ka4 47. h3 f6 48. f4 gxf4 49. Kd4 Kxb4 50. Ke4
a5 51. Kxf4 a4 52. Kf5 a3 53. Kxf6 a2 54. Kg6 a1=Q 55. Kxh6 Qf6+ 56. Kh5
Qh8+ 57. Kg5 Qxh3 58. Kf5 Ka3 59. Kg5 b4 60. Kf4 b3 61. g5 b2 62. g6 b1=Q
63. g7 Qb4+ 64. Ke5 Qh5+ 65. Kf6 Qd6# {White checkmated} 0-1

[Event "ICC Open 2015"]
[Site "Internet Chess Club"]
[Date "2015.05.30"]
[Round "9"]
[White "raja2015"]
[Black "Svinotigr"]
[Result "1-0"]
[ICCResult "Black forfeits on time"]
[WhiteElo "1591"]
[BlackElo "1695"]
[Opening "King's pawn opening"]
[ECO "B07"]
[NIC "VO.17"]
[Time "20:26:37"]
[TimeControl "180+0"]

1. e4 d6 2. d4 Nd7 3. Nc3 e5 4. dxe5 dxe5 5. Nf3 g6 6. Be3 Bg7 7. Qd2 Ngf6
8. O-O-O O-O 9. Bh6 Re8 10. Bxg7 Kxg7 11. Bd3 c6 12. h4 h5 13. Rhg1 Qe7 14.
Nh2 a5 15. g4 Nc5 16. gxh5 Nxh5 17. Qg5 Qxg5+ 18. Rxg5 b5 19. Be2 Nf4 20. h5
b4 21. hxg6 fxg6 22. Ng4 bxc3 23. Bc4 cxb2+ 24. Kxb2 Rb8+ 25. Ka3 Rb4 26.
Bb3 Be6 27. Bxe6 Rxe6 28. c3 Ra4+ 29. Kb2 Ncd3+ 30. Ka1 c5 31. Ne3 Rxe4 32.
Nc2 Re2 33. Na3 Rb6 34. Rxg6+ Kxg6 35. Rg1+ Kf5 36. Rh1 {Black forfeits on
time} 1-0